 Dungeon Crawl Stone Soup version 0.29.1-12-g30fa7ad0bf (webtiles) character file.

Game seed: 1462526209828363750

205 wormed the Trooper (level 5, -1/47 HPs)
             Began as a Hill Orc Fighter on Dec 25, 2022.
             Slain by a gnoll
             ... wielding a +0 spear
             ... led by a gnoll bouda
              (6 damage)
             ... on level 4 of the Dungeon.
             The game lasted 00:03:48 (3239 turns).

wormed the Trooper (Hill Orc Fighter)               Turns: 3239, Time: 00:03:48

Health: -1/47      AC: 13    Str: 21    XL:     5   Next: 83%
Magic:  5/5        EV:  5    Int:  8    God:
Gold:   170        SH:  4    Dex: 10    Spells: 4/4 levels left

rFire   . . .      SeeInvis .   a - +0 war axe
rCold   . . .      Faith    .   c - +0 buckler
rNeg    . . .      Spirit   .   n - +0 plate armour
rPois   .          Reflect  .   (no helmet)
rElec   .          Harm     .   (no cloak)
rCorr   .          Rampage  .   e - +0 pair of gloves
Will    .....                   (no boots)
Stlth   ..........              (no amulet)
HPRegen 0.15/turn               (no ring)
MPRegen 0.09/turn               (no ring)

@: mighty
A: no striking features
a: no special abilities


You were on level 4 of the Dungeon.
You visited 1 branch of the dungeon, and saw 4 of its levels.

You collected 170 gold pieces.

Inventory:

Hand Weapons
 a - a +0 war axe (weapon)
 k - a +2 whip of freezing
Armour
 c - a +0 buckler (worn)
 e - a +0 pair of gloves (worn)
 n - a +0 plate armour (worn)
Scrolls
 b - a scroll of noise {unknown}
 f - 3 scrolls of identify {unknown}
 h - a scroll of blinking {unknown}
 i - a scroll of brand weapon {unknown}
 l - a scroll of fear {unknown}
 o - a scroll of teleportation {unknown}
 p - a scroll of summoning {unknown}
Potions
 d - a potion of might
 g - a potion of magic {unknown}
 j - a potion of degeneration {unknown}
 m - 2 potions of heal wounds {unknown}


   Skills:
 + Level 4.9 Fighting
 + Level 4.4 Axes
 + Level 4.5 Armour
 + Level 4.4 Shields


You had 4 spell levels left.
You didn't know any spells.
Your spell library was empty.

Dungeon Overview and Level Annotations

Branches:
Dungeon (4/15)
 Temple: D:4-7

Altars:
Yredelemnul

Shops:
D:4 [


Message History

You hit the gnoll.
The gnoll is severely wounded.
You block the gnoll's attack. The gnoll barely misses you.
You barely miss the gnoll.
The gnoll is severely wounded.
You block the gnoll's attack.
The gnoll hits you from afar with a +0 spear.
* * * LOW HITPOINT WARNING * * *
The gnoll hits you with a +0 whip.
* * * LOW HITPOINT WARNING * * *
You closely miss the gnoll.
The gnoll is severely wounded.
The gnoll hits you from afar with a +0 spear.
* * * LOW HITPOINT WARNING * * *
The gnoll hits you with a +0 whip.
* * * LOW HITPOINT WARNING * * *
The gnoll hits you from afar with a +0 spear.
* * * LOW HITPOINT WARNING * * *
The gnoll attacks as you move away! The gnoll hits you with a +0 whip.
* * * LOW HITPOINT WARNING * * *
You closely miss the gnoll.
The gnoll is severely wounded.
The gnoll hits you but does no damage.
The gnoll hits you from afar with a +0 spear.
* * * LOW HITPOINT WARNING * * *
You closely miss the gnoll.
The gnoll is severely wounded.
The gnoll hits you but does no damage. x2; You block the gnoll's attack.
The gnoll hits you but does no damage.
You barely miss the gnoll.
The gnoll is severely wounded.
The gnoll hits you but does no damage. You block the gnoll's attack.
The gnoll hits you but does no damage. The gnoll barely misses you.
The gnoll attacks as you move away! The gnoll hits you but does no damage.
You closely miss the gnoll.
The gnoll is severely wounded.
The gnoll hits you with a +0 whip.
* * * LOW HITPOINT WARNING * * *
The gnoll hits you from afar with a +0 spear.
You die...

### ....g#####
## #g.g..##
##...#####..#
..._...@ggg.# ##
##...#####..#
....#####......#
#............#
####....#####
##.#### #..#
##.## # #..#


You could see 3 gnolls.

Vanquished Creatures
  A gnoll bouda (D:4)
  An orc wizard (D:3)
  A gnoll (D:4)
  7 adders
  3 worms
  A dart slug (D:1)
  2 orcs (D:3)
  2 endoplasms
  3 giant cockroaches
  9 goblins
  5 hobgoblins
  4 jackals
  2 quokkas
  12 ball pythons
  6 bats
  4 frilled lizards
  A kobold (D:4)
  5 rats
69 creatures vanquished.

Notes
Turn   | Place    | Note
-------+----------+-------------------------------------------
     0 | D:1      | wormed the Hill Orc Fighter began the quest for the Orb.
     0 | D:1      | Reached XP level 1. HP: 19/19 MP: 1/1
    17 | D:1      | Found a faded altar of an unknown god.
   290 | D:1      | Reached XP level 2. HP: 27/27 MP: 2/2
  1056 | D:2      | Reached XP level 3. HP: 31/33 MP: 3/3
  1222 | D:2      | Found a basalt altar of Yredelemnul.
  1338 | D:2      | Reached XP level 4. HP: 28/40 MP: 4/4
  2490 | D:3      | Reached XP level 5. HP: 31/47 MP: 5/5
  3046 | D:4      | Found Haco's Antique Armour Emporium.
  3210 | D:4      | Found a basalt altar of Yredelemnul.
  3239 | D:4      | Slain by a gnoll

Illustrated notes

Levels and vault maps discovered:
D:1:      shiori_arrival_maze, layout_basic, chequers_ecumenical_altar_simple,
          minmay_misc_feat_five, kennysheep_small_spiral
D:2:      layout_loops_cross, basic_altar, minmay_goblin_outpost
D:3:      layout_basic
D:4:      layout_rooms, mainiacjoe_overflow_surrounded_room, serial_shops, shop,
          nicolae_shop_hallway_stairs, kennysheep_mini,
          nicolae_shop_temple_entry_statues_fountains,
          kennysheep_decorative_pillar, dreamdust_wishing_well, hex_medium,
          nicolae_stop_n_shop_2, minmay_statues_item, grunt_ministairs_4,
          grunt_decor_cap

Skill      XL: |  1  2  3  4 |
---------------+-------------+-----
Axes           | 3 4 |  4.4
Fighting       | 4 |  4.9
Armour         | 4 |  4.5
Shields        | 4 |  4.4

Action                   |  1- 3 |  4- 6 || total
-------------------------+-------+-------++-------
Melee: War axe           |   108 |   157 ||   265
 Fire: Sling             |       |     1 ||     1
  Use: Potion            |       |     1 ||     1
Armor: Scale mail        |    56 |       ||    56
       Plate armour      |    38 |   136 ||   174
Dodge: Dodged            |    45 |    48 ||    93
Block: Buckler           |    30 |    39 ||    69
